 Dungeon Crawl Stone Soup version 0.30-a0-52-g86a8295270 (webtiles) character file.

Game seed: 3349062488079010313

1695 Newt the Skirmisher (level 9, 0/55 HPs)
             Began as a Kobold Hunter on Sept 6, 2022.
             Slain by a wraith (12 damage)
             ... on level 9 of the Dungeon.
             The game lasted 00:06:40 (6578 turns).

Newt the Skirmisher (Kobold Hunter)                 Turns: 6578, Time: 00:06:42

Health: 0/55       AC:  5    Str:  8    XL:     9   Next: 22%
Magic:  14/14      EV: 18    Int: 11    God:
Gold:   204        SH:  0    Dex: 26    Spells: 15/15 levels left

rFire   . . .      SeeInvis .    a - +0 shortbow (venom)
rCold   . . .      Faith    .    (shield currently unavailable)
rNeg    . . .      Spirit   .    c - +0 leather armour
rPois   +          Reflect  .    (no helmet)
rElec   .          Harm     .    (no cloak)
rCorr   .          Rampage  .    p - +0 pair of gloves
Will    +....                    e - +0 pair of boots
Stlth   +++.......               (no amulet)
HPRegen 0.18/turn                u - ring "Keorubat" {Contam rPois Will+ Dex+4}
MPRegen 0.14/turn                (no ring)

@: slowed, very slow
A: small, no large weapons, nightstalker 3
a: no special abilities


You were on level 9 of the Dungeon.
You visited 1 branch of the dungeon, and saw 7 of its levels.

You collected 204 gold pieces.

Inventory:

Hand Weapons
 a - a +0 shortbow of venom (weapon)
Missiles
 o - 2 poisoned darts
 r - 2 throwing nets
Armour
 c - a +0 leather armour (worn)
 e - a +0 pair of boots (worn)
 p - a +0 pair of gloves (worn)
Jewellery
 u - the ring "Keorubat" (left hand) {Contam rPois Will+ Dex+4}
   (You acquired it on level 5 of the Dungeon)

   [ring of willpower]

   Dex:       It affects your dexterity (+4).
   rPois:     It protects you from poison.
   Contam:    It causes magical contamination when unequipped.
   Will:      It increases your willpower.
Wands
 k - a wand of mindburst (7)
 x - a wand of quicksilver (8)
Scrolls
 b - 2 scrolls of immolation
 g - 2 scrolls of fog
 h - 2 scrolls of enchant armour
 i - 2 scrolls of vulnerability
 t - a scroll of blinking
 v - a scroll of enchant weapon {unknown}
 w - a scroll of identify
 y - a scroll of amnesia {unknown}
 z - 3 scrolls of teleportation
 B - a scroll of magic mapping {unknown}
Potions
 d - a potion of flight {unknown}
 f - 2 potions of mutation {unknown}
 j - a potion of lignification {unknown}
 l - a potion of might {unknown}
 m - 4 potions of curing {unknown}
 n - a potion of ambrosia {unknown}
 q - a potion of haste
 s - 2 potions of degeneration {unknown}
 A - a potion of berserk rage {unknown}


   Skills:
 - Level 6.0 Fighting
 - Level 10.0 Ranged Weapons
 - Level 5.0 Dodging
 - Level 1.3 Stealth
 + Level 3.8 Spellcasting
 - Level 6.0 Evocations


You had 15 spell levels left.
You didn't know any spells.
Your spell library contained the following spells:

 Spells                   Type           Power      Damage    Failure   Level
 Freeze                   Ice            8%         1d3       34%         1
 Magic Dart               Conj           8%         1d3       34%         1
 Call Imp                 Summ           2%         N/A       47%         2
 Ensorcelled Hibernation  Hex/Ice        4%         N/A       47%         2
 Frozen Ramparts          Ice            4%         1d1       71%         3
 Gell's Gravitas          Tloc           2%         N/A       71%         3
 Mephitic Cloud           Conj/Pois/Air  2%         N/A       71%         3
 Spider Form              Tmut/Pois      2%         N/A       71%         3
 Teleport Other           Tloc           2%         N/A       71%         3
 Anguish                  Hex/Necr       1%         N/A       98%         4
 Hailstorm                Conj/Ice       2%         3d3       98%         4
 Dispersal                Tloc           1%         N/A       100%        6


Dungeon Overview and Level Annotations

Branches:
Dungeon (6/15)
 Temple: D:4-7

Altars:
Dithmenos
Fedhas
Uskayaw

Shops:
D:3 :


Innate Abilities, Weirdness & Mutations

You are small and have problems with some larger weapons.
You are completely attuned to the shadows.


Message History

The wraith misses you.
You shoot an arrow.
The arrow hits the wraith but does no damage.
The wraith is moderately damaged.
The wraith hits you.
You shoot an arrow. The arrow hits the wraith!
The wraith is severely damaged.
The wraith closely misses you.
You shoot an arrow. The arrow hits the wraith.
The wraith is severely damaged.
The wraith closely misses you.
You shoot an arrow. The arrow closely misses the wraith.
The wraith hits you. The wraith drains your vigour!
You feel yourself slow down.
You shoot an arrow. The arrow closely misses the wraith.
The wraith barely misses you. The wraith hits you.
You shoot an arrow. The arrow barely misses the wraith.
The wraith hits you! The wraith drains your vigour!
You feel as though you will be slow longer.
You are too injured to fight recklessly!
You are too injured to fight recklessly!
You are too injured to fight recklessly!
You are too injured to fight recklessly!
Fire: a) +0 shortbow (venom)
Press: ? - help, Shift-Dir - straight line, f/p - wraith
Aim: a wraith (severely damaged, 72% to hit)
You shoot an arrow.
The arrow hits the wraith but does no damage.
The wraith is severely damaged.
The wraith hits you but does no damage. The wraith hits you!
* * * LOW HITPOINT WARNING * * *
The wraith drains your vigour!
You feel as though you will be slow longer.
Fire: a) +0 shortbow (venom)
Press: ? - help, Shift-Dir - straight line, f/p - wraith
Aim: a wraith (severely damaged, 72% to hit)
You shoot an arrow.
The arrow hits the wraith but does no damage.
The wraith is severely damaged.
The wraith closely misses you. The wraith hits you!
You die...

#.?.....
#.......
#...)...
#...)...
#..@W)..
#...)...
######'#
#


You could see a wraith.

Vanquished Creatures
  Menkaure (D:4)
  2 black bears (D:6)
  2 orc warriors
  2 ice beasts (D:6)
  An ogre (D:6)
  A phantom (D:2)
  A bullfrog (D:6)
  4 wights (D:6)
  2 howler monkeys
  4 hounds
  A jelly (D:5)
  A gnoll bouda (D:6)
  An iguana (D:5)
  3 orc wizards (D:6)
  8 gnolls
  5 adders
  2 ufetubi
  3 dart slugs
  3 worms
  16 orcs
  6 ball pythons
  11 endoplasms
  3 giant cockroaches
  7 hobgoblins
  12 kobolds
  5 quokkas
  3 bats
  A frilled lizard (D:3)
  10 goblins
  6 rats
127 creatures vanquished.

Vanquished Creatures (others)
  A plant (D:4)
1 creature vanquished.

Grand Total: 128 creatures vanquished

Notes
Turn   | Place    | Note
-------+----------+-------------------------------------------
     0 | D:1      | Newt the Kobold Hunter began the quest for the Orb.
     0 | D:1      | Reached XP level 1. HP: 12/12 MP: 1/1
   170 | D:1      | Reached XP level 2. HP: 18/18 MP: 2/2
   429 | D:1      | Reached XP level 3. HP: 23/23 MP: 3/3
   750 | D:1      | Found a faded altar of an unknown god.
  1508 | D:2      | Reached XP level 4. HP: 29/29 MP: 4/4
  1649 | D:2      | Reached skill level 6 in Ranged Weapons
  1784 | D:2      | Noticed a phantom
  1795 | D:2      | Killed a phantom
  1796 | D:2      | Reached XP level 5. HP: 24/33 MP: 5/5
  2221 | D:3      | Found a shadowy altar of Dithmenos.
  2329 | D:3      | Found Zokilar's Book Shop.
  2494 | D:3      | Reached skill level 5 in Dodging
  3147 | D:4      | Reached skill level 1 in Evocations
  3148 | D:4      | Reached XP level 6. HP: 33/38 MP: 6/6
  3157 | D:4      | Noticed Menkaure
  3418 | D:4      | Noticed a +0 spear
  3419 | D:4      | Noticed a +0 falchion
  3419 | D:4      | Noticed a +0 dagger
  3419 | D:4      | Noticed a +0 dagger
  3429 | D:4      | Noticed a +0 short sword
  3429 | D:4      | Noticed a +0 short sword
  3434 | D:4      | Noticed a +0 spear
  3435 | D:4      | Noticed a +0 falchion
  3530 | D:4      | Killed Menkaure
  3531 | D:4      | Reached skill level 7 in Ranged Weapons
  3531 | D:4      | Reached XP level 7. HP: 43/43 MP: 7/7
  3652 | D:4      | Found a blossoming altar of Fedhas.
  3745 | D:4      | Found a hide-covered altar of Uskayaw.
  3827 | D:5      | Entered Level 5 of the Dungeon
  4165 | D:5      | Identified a scroll of acquirement
  4165 | D:5      | Acquired the ring "Keorubat" {Contam rPois Will+ Dex+4}
  4349 | D:5      | Reached skill level 8 in Ranged Weapons
  4929 | D:6      | Reached skill level 5 in Fighting
  4971 | D:6      | Reached XP level 8. HP: 39/51 MP: 8/8
  5129 | D:6      | Reached skill level 5 in Evocations
  5731 | D:6      | Reached skill level 9 in Ranged Weapons
  6187 | D:6      | Reached skill level 10 in Ranged Weapons
  6187 | D:6      | Reached XP level 9. HP: 43/55 MP: 9/9
  6337 | D:6      | Reached skill level 1 in Spellcasting
  6493 | D:6      | You fall into a shaft and drop 3 floors!
  6578 | D:9      | Slain by a wraith

Illustrated notes

Levels and vault maps discovered:
D:1:      noname_arrival_rooms_in_the_neighbourhood, layout_loops_corners,
          shapermc_ecumenical_altar_petra, chequers_serial_rivers_large_b,
          minmay_misc_feat_four_crosses, st_stairs_7
D:2:      layout_rooms, hangedman_feature_mirror, minmay_quadrilaterals
D:3:      layout_loops_corners, old_standard_altar, serial_shops,
          nicolae_shop_stone
D:4:      layout_rooms, nicolae_uskayaw_en_pointe, fedhas_ov_isle_minmay,
          uniq_menkaure
D:5:      layout_basic
D:6:      layout_loops_ring, corexii_leaking_fountain
D:9:      layout_roguey, kennysheep_little_box,
          worldfamousw_hep_ancestral_shrine

Skill      XL: |  1  2  3  4  5  6  7  8  9 |
---------------+----------------------------+-----
Fighting       | 3 4 5 6 |  6.0
Ranged Weapons | 6 7 8 10 | 10.0
Dodging        | 4 5 |  5.0
Evocations     | 1 4 6 |  6.0
Spellcasting   | 3 |  3.8
Stealth        | |  1.3

Action                   |  1- 3 |  4- 6 |  7- 9 || total
-------------------------+-------+-------+-------++-------
 Fire: Shortbow          |    83 |   100 |   180 ||   363
Evoke: Wand              |       |     5 |     1 ||     6
  Use: Scroll            |       |     7 |     3 ||    10
       Potion            |       |     2 |       ||     2
Armor: Leather armour    |     5 |    21 |    14 ||    40
Dodge: Dodged            |    18 |   101 |    89 ||   208

Table legend: (Time is in decaauts)
 A = Elapsed time spent in this place.
 B = Non-inter-level travel time spent in this place.
 C = Inter-level travel time spent in this place.
 D = Time resting spent in this place.
 E = Time spent auto-exploring this place.
 F = Levels seen in this place.
 G = Mean time per level.
                   A        B        C        D        E       F      G
               +--------+--------+--------+--------+--------+-----+--------+
         Total |   6683 |   6531 |    152 |    592 |   5205 |   7 |  954.7 |
       Dungeon |   6683 |   6531 |    152 |    592 |   5205 |   7 |  954.7 |
               +--------+--------+--------+--------+--------+-----+--------+

Top non-repeatable levels by time:
     D:6: 1640 daAuts
     D:1: 1420 daAuts
     D:3: 1101 daAuts
     D:5: 1044 daAuts
     D:2: 784 daAuts
     D:4: 605 daAuts
     D:9: 88 daAuts
